 Dungeon Crawl Stone Soup version 0.30-a0-43-gbbf338a72c (webtiles) character file.

Game seed: 16966902831846902966

6563 Nattfarinn the Geomancer (level 11, -4/60 HPs)
             Began as a Gargoyle Venom Mage on Aug 31, 2022.
             Was a Priest of Vehumet.
             Killed by the air
             ... invoked by Gastronok
              (11 damage)
             ... on level 8 of the Dungeon.
             The game lasted 00:20:49 (8751 turns).

Nattfarinn the Geomancer (Gargoyle Venom Mage)      Turns: 8751, Time: 00:20:50

Health: -4/60      AC: 14    Str: 13    XL:     11   Next: 1%
Magic:  0/23       EV: 11    Int: 25    God:    Vehumet [***...]
Gold:   371        SH:  0    Dex: 10    Spells: 11/27 levels left

rFire   . . .      SeeInvis .    h - +0 whip (venom)
rCold   . . .      Faith    .    (no shield)
rNeg    + . .      Spirit   .    F - +0 steam dragon scales
rPois   ∞          Reflect  .    (no helmet)
rElec   +          Harm     .    (no cloak)
rCorr   .          Rampage  .    (no gloves)
Will    .....                    L - +0 pair of boots
Stlth   ++........               c - amulet of regeneration
HPRegen 1.00/turn                w - ring of wizardry
MPRegen 0.18/turn                u - +6 ring of intelligence

@: about to teleport
A: sickness immunity, AC +8, negative energy resistance 1, electricity
resistance, torment resistance 1, petrification resistance
a: Renounce Religion


You were on level 8 of the Dungeon.
You worshipped Vehumet.
Vehumet was most pleased with you.
You visited 1 branch of the dungeon, and saw 8 of its levels.

You collected 371 gold pieces.

Inventory:

Hand Weapons
 e - a +0 war axe of venom
 h - a +0 whip of venom (weapon)
 I - a +5 mace of freezing
Missiles
 r - 2 throwing nets
Armour
 a - a +0 robe
 F - +0 steam dragon scales (worn)
 H - a +1 leather armour of willpower
 J - a +2 robe of cold resistance
 L - a +0 pair of boots (worn)
Jewellery
 c - an amulet of regeneration (around neck)
 f - a +4 ring of protection
 j - a ring of positive energy
 t - an amulet of faith
 u - a +6 ring of intelligence (right hand)
 w - a ring of wizardry (left hand)
Wands
 s - a wand of mindburst (13)
 B - a wand of digging (3)
Scrolls
 d - 9 scrolls of identify {unknown}
 i - a scroll of enchant armour {unknown}
 l - a scroll of teleportation
 n - 2 scrolls of magic mapping {unknown}
 o - 3 scrolls of vulnerability {unknown}
 p - a scroll of brand weapon {unknown}
 v - 2 scrolls of poison {unknown}
 x - a scroll of fog {unknown}
 y - 2 scrolls of enchant weapon {unknown}
 C - 4 scrolls of noise {unknown}
 D - 2 scrolls of amnesia {unknown}
Potions
 b - a potion of magic
 g - 2 potions of haste {unknown}
 k - 3 potions of might {unknown}
 m - 3 potions of curing {unknown}
 q - a potion of heal wounds {unknown}
 z - a potion of invisibility
 A - a potion of degeneration {unknown}
 E - 3 potions of brilliance {unknown}
 G - a potion of attraction {unknown}
 K - a potion of mutation {unknown}


   Skills:
 + Level 3.5 Fighting
 * Level 2.2 Armour
 - Level 1.5 Dodging
 - Level 2.1 Stealth
 - Level 8.6 Spellcasting
 - Level 0.7 Transmutations
 - Level 14.9 Earth Magic
 - Level 3.7 Poison Magic


You had 11 spell levels left.
You knew the following spells:

 Your Spells              Type           Power      Damage    Failure   Level
a - Sting                 Tmut/Pois      88%        1d7       1%          1
b - Stone Arrow           Conj/Erth      96%        3d13      1%          3
c - Olgreb's Toxic Radia  Pois           29%        N/A       1%          4
d - Tukima's Dance        Hex            10%        N/A       7%          3
e - Poisonous Vapours     Pois/Air       40%        N/A       1%          2
f - Frozen Ramparts       Ice            20%        1d4       2%          3

Your spell library contained the following spells:

 Spells                   Type           Power      Damage    Failure   Level
 Flame Wave               Conj/Fire      10%        2d6       7%          4
 Sandblast                Erth           100%       2d20      0%          1
 Magic Dart               Conj           40%        1d5       1%          1
 Passwall                 Tmut/Erth      40%        N/A       1%          2
 Searing Ray              Conj           20%        2d5       1%          2
 Static Discharge         Conj/Air       20%        3-5/arc   1%          2
 Mephitic Cloud           Conj/Pois/Air  17%        N/A       1%          3
 Petrify                  Tmut/Erth      49%        N/A       1%          4
 Necrotise                Necr           40%        1d6       2%          1
 Summon Small Mammal      Summ           40%        N/A       2%          1
 Call Canine Familiar     Summ           10%        N/A       7%          3
 Portal Projectile        Hex/Tloc       20%        N/A       7%          3
 Summon Guardian Golem    Hex/Summ       10%        N/A       7%          3
 Fulminant Prism          Conj/Hex       5%         3d7       7%          4
 Sticky Flame             Conj/Fire      10%        2d3       7%          4
 Irradiate                Conj/Tmut      6%         3d13      14%         5
 Dispel Undead            Necr           10%        3d9       22%         4
 Blade Hands              Tmut           7%         N/A       41%         5
 Sublimation of Blood     Necr           Unusable   N/A       N/A         2

Dungeon Overview and Level Annotations

Branches:
Dungeon (8/15)             Temple (0/1) D:7
   Lair: D:8-11

Altars:
Ashenzari
Kikubaaqudgha
Sif Muna
Trog
Uskayaw
Vehumet
Yredelemnul
The Shining One

Annotations:
D:8 Gastronok, Prince Ribbit


Innate Abilities, Weirdness & Mutations

You are immune to sickness and miasma.
Your stone body is resilient. (AC +8)
You are immune to poison.
You resist negative energy. (rN+)
You are resistant to electric shocks. (rElec)
You are resistant to unholy torment.
You are immune to petrification.


Message History

Gastronok is moderately wounded.
The stone arrow hits Gastronok!!
Gastronok is heavily wounded.
A slime creature comes into view.
The stone arrow hits Gastronok!!
Gastronok is severely wounded.
The slime creature quivers.
Gastronok gurgles, "Huuuuuuuuuuungry!"
Gastronok bites you!!
The stone arrow hits Gastronok!
Gastronok is severely wounded.
The stone arrow hits Gastronok!
Gastronok is severely wounded.
Gastronok bites you!
You are too injured to fight recklessly!
Casting: Stone Arrow (safe; 1% risk of failure)
Confirm with . or Enter, or press ? or * to list all spells.
Aiming: Stone Arrow (safe; 1% risk of failure)
Press: ? - help, Shift-Dir - straight line, f/p - Gastronok
Aim: Gastronok, wearing a +2 hat of willpower (severely wounded, 100% to hit)
The stone arrow hits Gastronok!
Gastronok is almost dead.
Casting: Stone Arrow (safe; 1% risk of failure)
Confirm with . or Enter, or press ? or * to list all spells.
Aiming: Stone Arrow (safe; 1% risk of failure)
Press: ? - help, Shift-Dir - straight line, f/p - Gastronok
Aim: Gastronok, wearing a +2 hat of willpower (almost dead, 100% to hit)
The stone arrow hits Gastronok!
Gastronok is almost dead.
Gastronok bites you!!
* * * LOW HITPOINT WARNING * * *
Casting: Stone Arrow (safe; 1% risk of failure)
Confirm with . or Enter, or press ? or * to list all spells.
You don't have enough magic to cast this spell.
Unknown command.
As you read the scroll of teleportation, it crumbles to dust.
You feel strangely unstable.
Gastronok waves his eye-stalks in wide circles.
The air twists around and strikes you!
You die...

....# ############ ....#
#...........#
....####...........+ #######
)......#...........# .#......
#'######...#####...# ........
...........#...#...# ........
...........#...#...# ........
...........'...#...# ........
...#########[..#@..##### ........
...#.........8.#.......# #..<...
...#....8......#wH.....# #......
...#.......?...'.......# ######.
..)#####H.$[)..#####...# #.
F......'.$.!.... #...#.# #.
.......#......8.. #...#.# ##.
...zy..#.8........ #...#.# ##..
####...#...#'#######...#.#####..#


You could see Gastronok and a manticore.

Vanquished Creatures
  Erica (D:8)
  Pikel (D:5)
  Joseph (D:7)
  Maggie (D:6)
  Grinder (D:5)
  A hornet (D:8)
  A wyvern (D:8)
  Eustachio (D:5)
  5 yaks (D:8)
  An acid dragon (D:8)
  Duvessa (D:7)
  An ice beast (D:6)
  A water moccasin (D:6)
  2 sky beasts
  An ogre (D:7)
  A black bear (D:5)
  A centaur (D:8)
  A lemure (D:4)
  A kobold brigand (D:7)
  3 phantoms
  3 bullfrogs
  3 scorpions
  12 wights
  Dowan (D:7)
  4 killer bees (D:8)
  A jelly (D:6)
  4 hounds
  3 gnoll boudas
  8 orc priests
  Ijyb (D:3)
  Terence (D:2)
  An iguana (D:4)
  11 orc wizards
  Robin (D:2)
  13 gnolls
  4 adders
  A shadow imp (D:5)
  A white imp (D:7)
  3 ufetubi
  2 dart slugs
  30 orcs
  3 bats
  8 endoplasms
  A giant cockroach (D:4)
  7 goblins
  5 hobgoblins
  9 jackals
  4 quokkas
  2 ball pythons
  2 frilled lizards (D:2)
  A jackal zombie (D:4)
  7 kobolds
  7 rats
191 creatures vanquished.

Notes
Turn   | Place    | Note
-------+----------+-------------------------------------------
     0 | D:1      | Nattfarinn the Gargoyle Venom Mage began the quest for the
                  | Orb.
     0 | D:1      | Reached XP level 1. HP: 10/10 MP: 3/3
   282 | D:1      | Reached skill level 1 in Fighting
   300 | D:1      | Reached XP level 2. HP: 13/16 MP: 5/5
   450 | D:1      | Reached skill level 1 in Armour
   655 | D:2      | Found a glowing golden altar of the Shining One.
   702 | D:2      | Reached XP level 3. HP: 21/21 MP: 6/6
   768 | D:2      | Noticed Terence
   779 | D:2      | Killed Terence
   918 | D:2      | Noticed Robin
   923 | D:2      | Reached XP level 4. HP: 27/27 MP: 7/7
   950 | D:2      | Killed Robin
  1543 | D:3      | Noticed Ijyb
  1552 | D:3      | Killed Ijyb
  1553 | D:3      | Reached XP level 5. HP: 18/32 MP: 8/8
  1588 | D:3      | Learned a level 3 spell: Stone Arrow
  1734 | D:3      | Reached skill level 1 in Earth Magic
  1741 | D:3      | Reached skill level 2 in Earth Magic
  2192 | D:4      | Reached XP level 6. HP: 33/37 MP: 4/9
  2197 | D:4      | Reached skill level 3 in Earth Magic
  2600 | D:4      | Found a radiant altar of Vehumet.
  2621 | D:4      | Found an ancient bone altar of Kikubaaqudgha.
  2631 | D:4      | Reached skill level 4 in Earth Magic
  2716 | D:4      | Got Kikubaaqudgha's Reference Book on the Undead
  2723 | D:4      | Found a shimmering blue altar of Sif Muna.
  2729 | D:4      | Reached XP level 7. HP: 41/41 MP: 7/11
  2748 | D:4      | Became a worshipper of Vehumet
  2836 | D:4      | Reached skill level 5 in Earth Magic
  3274 | D:4      | Found a hide-covered altar of Uskayaw.
  3285 | D:4      | Found a runed translucent door.
  3285 | D:4      | Noticed a human
  3375 | D:4      | Found a basalt altar of Yredelemnul.
  3484 | D:5      | Entered Level 5 of the Dungeon
  3527 | D:5      | Reached skill level 6 in Earth Magic
  3739 | D:5      | Noticed Eustachio
  3754 | D:5      | Killed Eustachio
  3755 | D:5      | Reached skill level 7 in Earth Magic
  3755 | D:5      | Reached XP level 8. HP: 41/46 MP: 0/14
  3928 | D:5      | Found a broken altar of Ashenzari.
  4424 | D:5      | Reached * piety under Vehumet
  4424 | D:5      | Offered knowledge of Shock by Vehumet.
  4436 | D:5      | Reached skill level 8 in Earth Magic
  4631 | D:6      | Noticed Pikel
  4833 | D:5      | Killed Pikel
  4834 | D:5      | Reached skill level 5 in Spellcasting
  4834 | D:5      | Reached skill level 9 in Earth Magic
  4902 | D:6      | Noticed Grinder
  5015 | D:5      | Killed Grinder
  5016 | D:5      | Reached skill level 10 in Earth Magic
  5016 | D:5      | Reached XP level 9. HP: 46/51 MP: 2/17
  5419 | D:6      | Noticed Maggie
  5530 | D:6      | Killed Maggie
  5531 | D:6      | Reached skill level 11 in Earth Magic
  6003 | D:6      | Found a bloodstained altar of Trog.
  6025 | D:6      | Learned a level 4 spell: Olgreb's Toxic Radiance
  6029 | D:6      | Learned a level 3 spell: Tukima's Dance
  6123 | D:7      | Found a staircase to the Ecumenical Temple.
  6194 | D:7      | Reached ** piety under Vehumet
  6194 | D:7      | Offered knowledge of Foxfire by Vehumet.
  6458 | D:7      | Reached skill level 12 in Earth Magic
  6801 | D:7      | Reached XP level 10. HP: 54/56 MP: 17/20
  6859 | D:7      | Noticed Joseph
  6867 | D:7      | Killed Joseph
  7091 | D:7      | Noticed Duvessa
  7091 | D:7      | Noticed Dowan
  7099 | D:7      | Killed Dowan
  7111 | D:7      | Killed Duvessa
  7187 | D:7      | Learned a level 2 spell: Poisonous Vapours
  7331 | D:7      | Reached skill level 13 in Earth Magic
  7613 | D:8      | Noticed Erica
  7623 | D:8      | Killed Erica
  7770 | D:8      | Offered knowledge of Frozen Ramparts by Vehumet.
  7775 | D:8      | Learned a level 3 spell: Frozen Ramparts
  7965 | D:8      | Reached *** piety under Vehumet
  8011 | D:8      | Reached skill level 14 in Earth Magic
  8180 | D:8      | Noticed Prince Ribbit
  8195 | D:8      | Noticed Gastronok
  8197 | D:8      | Noticed a manticore
  8309 | D:8      | Offered knowledge of Flame Wave by Vehumet.
  8698 | D:8      | Reached XP level 11. HP: 60/60 MP: 21/23
  8751 | D:8      | Killed from afar by Gastronok

Illustrated notes

Levels and vault maps discovered:
D:1:      shiori_arrival_oz, layout_basic, minmay_misc_feat_chi,
          minmay_tree_intersection
D:2:      layout_loops_ring, basic_altar, kennysheep_generic_room_11,
          uniq_terence, uniq_robin
D:3:      layout_loops_ring, minmay_misc_feat_roman, uniq_ijyb
D:4:      layout_loops_ring, palyth_temple_overflow_mages, kennysheep_mini,
          dk_yredelemnul_ordeal, kennysheep_generic_room_13
D:5:      layout_loops_ring, ashenzari_altar_1, kennysheep_small_circle,
          uniq_eustachio
D:6:      layout_basic, lightli_temple_of_fire, uniq_pikel, uniq_maggie,
          uniq_grinder
D:7:      layout_basic, minmay_temple_entry_mist, uniq_duvessa, uniq_joseph
D:8:      kennysheep_blocky_room, layout_rooms, kennysheep_mini_moat,
          ebering_ghost_reflecting_pool, uniq_gastronok, uniq_prince_ribbit1,
          uniq_erica

Skill      XL: |  1  2  3  4  5  6  7  8  9 10 |
---------------+-------------------------------+-----
Fighting       | 1 2 3 |  3.5
Armour         | 1 2 |  2.2
Earth Magic    | 2 4 7 10 12 14 | 14.9
Spellcasting   | 3 4 5 7 8 |  8.6
Dodging        | |  1.5
Stealth        | |  2.1
Transmutations | |  0.7
Poison Magic   | |  3.7

Action                   |  1- 3 |  4- 6 |  7- 9 | 10-12 || total
-------------------------+-------+-------+-------+-------++-------
Melee: Whip              |    58 |   158 |   193 |    13 ||   422
       War axe           |     5 |       |       |       ||     5
       Punch             |       |     2 |     5 |       ||     7
 Cast: Sting             |       |    49 |   142 |       ||   191
       Stone Arrow       |       |       |    42 |    58 ||   100
       Olgreb's Toxic Ra |       |       |     5 |     9 ||    14
       Poisonous Vapours |       |       |       |     5 ||     5
       Tukima's Dance    |       |       |       |     4 ||     4
  Use: Scroll            |       |       |     2 |     4 ||     6
 Stab: Sleeping          |     2 |     1 |       |       ||     3
Armor: Robe              |    24 |    64 |    99 |       ||   187
       Steam dragon scal |       |       |    13 |    11 ||    24
Dodge: Dodged            |    26 |    96 |   135 |    21 ||   278

Table legend: (Time is in decaauts)
 A = Elapsed time spent in this place.
 B = Non-inter-level travel time spent in this place.
 C = Inter-level travel time spent in this place.
 D = Time resting spent in this place.
 E = Time spent auto-exploring this place.
 F = Levels seen in this place.
 G = Mean time per level.
                   A        B        C        D        E       F      G
               +--------+--------+--------+--------+--------+-----+--------+
         Total |   8808 |   8547 |    261 |   1196 |   5715 |   8 | 1101.0 |
       Dungeon |   8808 |   8547 |    261 |   1196 |   5715 |   8 | 1101.0 |
               +--------+--------+--------+--------+--------+-----+--------+

Top non-repeatable levels by time:
     D:5: 1744 daAuts
     D:7: 1519 daAuts
     D:4: 1280 daAuts
     D:8: 1138 daAuts
     D:6: 857 daAuts
     D:2: 821 daAuts
     D:3: 788 daAuts
     D:1: 657 daAuts
